Map: Apotheosis LE

Players

Gracz

  • Race: Protoss Protoss
  • League: Silver

Whirlwind - Winner!

  • Race: Protoss Protoss
  • League: Silver

VOD

Have the link to the VOD?

Description

Time

  • Played on: Oct. 12, 2016, 2:18 p.m.
  • Length: 19:18
Show
View Real Time Build Order
Export as new Build Order

Gracz Protoss 

Build Orders:  

Get SALT Encoding   

  12  0:01  Probe (Chrono Boost)  
  13  0:14  Pylon  
  13  0:17  Probe (Chrono Boost)  
  14  0:35  Gateway  
  14  0:37  Probe (Chrono Boost)  
  15  0:44  Assimilator  
  15  0:48  Probe (Chrono Boost)  
  16  1:08  Probe (Chrono Boost)  
  17  1:14  Gateway  
  17  1:15  Gateway  
  17  1:29  Pylon  
  17  1:32  Pylon  
  17  1:36  Pylon  
  17  1:50  Cybernetics Core  
  17  1:53  Probe (Chrono Boost)  
  18  2:03  Probe (Chrono Boost)  
  19  2:15  Warp Gate  
  19  2:22  Nexus  
  19  2:30  Stalker  
  22  2:37  Probe (Chrono Boost)  
  22  2:42  Stalker  
  24  2:55  Probe (Chrono Boost)  
  26  3:07  Probe (Chrono Boost)  
  26  3:09  Stalker  
  28  3:21  Assimilator  
  28  3:36  Pylon  
  28  3:39  Pylon  
  28  3:40  Probe (Chrono Boost)  
  30  3:42  Probe (Chrono Boost)  
  30  3:51  Stalker, Probe (Chrono Boost)  
  30  3:52  Stalker  
  30  3:54  Probe (Chrono Boost)  
  36  4:01  Probe (Chrono Boost)  
  36  4:06  Probe (Chrono Boost)  
  34  4:12  Probe (Chrono Boost)  
  36  4:18  Probe (Chrono Boost)  
  36  4:22  Probe (Chrono Boost)  
  37  4:30  Probe (Chrono Boost)  
  38  4:33  Probe (Chrono Boost)  
  38  4:38  Gateway  
  39  4:42  Probe (Chrono Boost)  
  39  4:44  Mothership Core (Chrono Boost)  
  42  4:50  Stalker x2  
  47  4:54  Probe (Chrono Boost)  
  47  5:02  Probe (Chrono Boost)  
  47  5:06  Probe (Chrono Boost)  
  49  5:13  Probe (Chrono Boost)  
  50  5:18  Probe (Chrono Boost)  
  51  5:23  Probe (Chrono Boost)  
  52  5:32  Stalker  
  52  5:33  Stalker x2  
  58  5:53  Twilight Council  
  58  6:03  Robotics Facility  
  58  6:04  Robotics Facility  
  44  7:27  Stalker x3  
  48  7:34  Gateway  
  48  7:37  Immortal  
  48  7:38  Immortal  
  48  7:44  Stalker  
  54  8:29  Stalker  
  54  8:30  Stalker x2  
  58  8:51  Blink  
  58  9:01  Stalker  
  58  9:02  Stalker x3  
  66  9:11  Stargate  
  62  9:18  Stalker  
  64  9:46  Immortal  
  68  10:00  Robotics Facility  
  68  10:18  Stargate  
  68  10:34  Nexus  
  68  10:37  Assimilator, Pylon  
  68  10:40  Assimilator  
  68  10:41  Pylon  
  68  10:45  Assimilator  
  68  10:47  Assimilator  
  68  10:51  Nexus  
  68  10:53  Pylon  
  68  10:55  Pylon x2  
  68  10:57  Assimilator  
  68  11:00  Pylon  
  68  11:01  Assimilator  
  68  11:02  Assimilator  
  68  11:06  Assimilator, Pylon  
  68  11:08  Pylon, Nexus  
  68  11:10  Pylon  
  68  11:13  Probe (Chrono Boost)  
  68  11:14  Pylon, Probe (Chrono Boost)  
  70  11:23  Probe (Chrono Boost)  
  72  11:25  Nexus  
  72  11:26  Probe (Chrono Boost)  
  72  11:29  Pylon  
  72  11:31  Pylon  
  68  11:34  Assimilator, Probe (Chrono Boost)  
  68  11:36  Stalker x2  
  68  11:38  Stalker x2, Probe (Chrono Boost)  
  78  11:40  Assimilator  
  78  11:44  Probe (Chrono Boost)  
  78  11:46  Probe (Chrono Boost)  
  80  11:51  Probe (Chrono Boost)  
  81  11:55  Probe (Chrono Boost)  
  81  11:56  Probe (Chrono Boost)  
  84  12:02  Void Ray  
  84  12:03  Probe (Chrono Boost), Void Ray  
  84  12:05  Probe (Chrono Boost)  
  84  12:07  Probe (Chrono Boost)  
  94  12:15  Probe (Chrono Boost)  
  95  12:16  Probe (Chrono Boost)  
  95  12:17  Probe (Chrono Boost)  
  95  12:22  Probe x2 (Chrono Boost)  
  99  12:27  Probe x2 (Chrono Boost)  
  99  12:28  Probe (Chrono Boost)  
  102  12:32  Probe x2 (Chrono Boost)  
  102  12:33  Fleet Beacon  
  102  12:34  Templar Archives  
  104  12:37  Probe (Chrono Boost)  
  104  12:41  Mothership Core (Chrono Boost)  
  107  12:50  Pylon  
  107  12:53  Stalker  
  107  12:54  Pylon, Stalker x4  
  117  12:59  Pylon  
  117  13:01  Psionic Storm  
  117  13:02  Pylon  
  117  13:03  Immortal  
  117  13:04  Observer, Immortal  
  126  13:27  Probe x4 (Chrono Boost)  
  127  13:29  Probe (Chrono Boost)  
  127  13:33  Stalker  
  127  13:34  Stalker x3  
  135  13:36  Stalker  
  141  13:47  Immortal  
  141  13:48  Immortal  
  149  13:49  Immortal  
  149  13:52  Robotics Bay  
  153  14:04  Probe x2 (Chrono Boost)  
  153  14:05  Probe (Chrono Boost)  
  153  14:06  Probe (Chrono Boost)  
  157  14:10  Stalker x2  
  157  14:11  Stalker x3  
  105  14:36  Void Ray  
  105  14:37  Void Ray  
  63  15:11  Stalker  
  63  15:12  Stalker x3  
  63  15:13  Stalker  
  34  16:06  Stargate x2  
  34  16:08  Stargate  
  34  16:38  Pylon  
  34  16:46  Gateway  
  34  16:47  Gateway, Void Ray  
  34  16:48  Gateway, Void Ray  
  34  16:50  Gateway  
  34  16:51  Gateway, Void Ray  
  46  17:00  Fleet Beacon  
  44  17:13  Gateway  
  39  17:20  Pylon  
  39  17:24  Pylon  
  39  17:27  Pylon  
  39  17:28  Nexus  
  14  17:56  Cybernetics Core  
  10  18:03  Zealot x3  
  14  18:08  Zealot  
  7  18:22  Pylon x2  
  2  18:34  Stalker  
  4  18:35  Adept  
  4  18:36  Adept  
  4  18:51  Adept  
  3  19:03  Probe (Chrono Boost)  
Show
View Real Time Build Order
Export as new Build Order

Whirlwind Protoss - Winner!

Build Orders:  

Get SALT Encoding   

  12  0:02  Probe (Chrono Boost)  
  13  0:16  Pylon  
  13  0:20  Probe (Chrono Boost)  
  14  0:30  Probe (Chrono Boost)  
  15  0:36  Gateway  
  15  0:48  Probe (Chrono Boost)  
  16  0:52  Assimilator  
  16  0:59  Probe (Chrono Boost)  
  17  1:07  Gateway  
  17  1:09  Probe (Chrono Boost)  
  18  1:26  Cybernetics Core  
  18  1:29  Pylon  
  18  1:46  Pylon  
  18  2:01  Probe (Chrono Boost)  
  19  2:03  Warp Gate  
  19  2:04  Adept  
  19  2:05  Adept  
  23  2:11  Probe (Chrono Boost)  
  24  2:22  Probe (Chrono Boost)  
  25  2:25  Assimilator  
  25  2:32  Probe (Chrono Boost)  
  25  2:36  Pylon  
  26  3:05  Gateway x2  
  26  3:07  Pylon  
  26  3:09  Pylon  
  26  3:13  Forge  
  26  3:16  Mothership Core (Chrono Boost)  
  29  3:34  Probe (Chrono Boost)  
  25  4:27  Stargate  
  25  4:29  Stargate  
  25  4:36  Probe (Chrono Boost)  
  26  4:40  Nexus  
  26  4:42  Adept x3  
  32  4:47  Probe (Chrono Boost)  
  33  4:55  Pylon  
  33  4:58  Adept, Probe (Chrono Boost)  
  36  5:10  Probe (Chrono Boost)  
  38  5:22  Probe (Chrono Boost)  
  38  5:34  Probe (Chrono Boost)  
  39  5:36  Adept  
  39  5:38  Adept  
  39  5:53  Adept  
  39  5:56  Adept  
  43  6:06  Pylon  
  43  6:08  Photon Cannon  
  36  6:38  Adept  
  34  6:40  Adept x3  
  36  6:50  Mothership Core (Chrono Boost)  
  34  7:12  Adept  
  34  7:15  Adept x2  
  36  7:16  Adept  
  36  8:12  Void Ray  
  36  8:14  Mothership Core (Chrono Boost)  
  36  8:17  Void Ray  
  44  8:50  Adept, Void Ray  
  44  8:53  Adept x3  
  46  9:00  Void Ray  
  54  9:24  Adept x2  
  54  9:25  Adept x2  
  54  9:30  Assimilator  
  62  9:34  Probe (Chrono Boost)  
  62  9:37  Void Ray  
  63  9:45  Probe (Chrono Boost)  
  68  9:52  Pylon  
  68  9:53  Pylon  
  68  9:55  Pylon  
  68  10:04  Probe (Chrono Boost)  
  69  10:10  Void Ray  
  69  10:12  Assimilator  
  73  10:15  Probe (Chrono Boost)  
  73  10:18  Void Ray  
  74  10:26  Probe (Chrono Boost)  
  79  10:36  Probe (Chrono Boost)  
  80  10:47  Probe (Chrono Boost)  
  81  10:53  Void Ray  
  85  10:57  Probe (Chrono Boost)  
  85  10:59  Void Ray  
  90  11:20  Protoss Air Weapons Level 1  
  88  11:36  Void Ray  
  92  11:48  Pylon  
  92  11:49  Pylon  
  92  11:51  Pylon  
  92  12:00  Void Ray  
  96  12:18  Adept x4, Void Ray  
  108  12:37  Void Ray  
  108  12:41  Adept  
  108  12:42  Adept  
  116  12:54  Adept  
  118  13:07  Pylon  
  118  13:09  Pylon  
  118  13:11  Pylon  
  118  13:12  Pylon  
  118  13:35  Adept x2  
  118  13:36  Adept x2  
Tags
 
Add a new tag
Caveats
  • Supply blocks, unpowered buildings, or Contaminate may cause inaccurate times.
  • Supply counts are checked every 10 seconds.